 Dungeon Crawl Stone Soup version 0.21-a0-271-ge7f0487 (webtiles) character file.

406 Lavandula the Ruffian (level 6, -3/48 HPs)
             Began as a Ghoul Warper on Sept 15, 2017.
             Was a Believer of Cheibriados.
             Slain by an orc priest
             ... wielding a +0 trident
              (4 damage)
             ... on level 5 of the Dungeon.
             The game lasted 00:12:37 (1790 turns).

Lavandula the Ruffian (Ghoul Warper)                Turns: 1790, Time: 00:12:38

Health: -3/48      AC: 10    Str: 20    XL:     6   Next: 87%
Magic:  4/7        EV: 11    Int: 18    God:    Cheibriados [**....]
Gold:   147        SH:  0    Dex: 12    Spells: 1/8 levels left

rFire    + . .     SeeInvis .     - Unarmed
rCold    + . .     Gourm    .   (no shield)
rNeg     + + +     Faith    .   p - +1 ring mail {rF+}
rPois    ∞         Spirit   .   (no helmet)
rElec    .         Reflect  .   (no cloak)
rCorr    .         Harm     .   (no gloves)
MR       +....                  (no boots)
Stlth    ++........             (no amulet)
HPRegen  0.00/turn              e - ring of protection from magic
MPRegen  0.10/turn              h - +4 ring of protection

@: brilliant, rotting, very slow
A: rotting body, claws 1, carnivore 3, cold resistance 1, negative energy
resistance 3, inhibited regeneration, torment resistance, unbreathing
a: Bend Time, Renounce Religion


You were on level 5 of the Dungeon.
You worshipped Cheibriados.
Cheibriados was pleased with you.
You were not hungry.

You visited 1 branch of the dungeon, and saw 6 of its levels.
You also visited: Sewer.

You collected 147 gold pieces.

Inventory:

Hand Weapons
 o - the +11 mace "Conservator" {vamp, -Tele rElec Dex+6}
   (You took it off an orc on level 4 of the Dungeon)

   It inflicts no extra harm, but heals its wielder when it wounds a living foe.
   It affects your dexterity (+6).
   It insulates you from electricity.
   It prevents most forms of teleportation.
 v - a cursed +4 morningstar
Missiles
 d - 5 tomahawks of dispersal
 l - 2 tomahawks (quivered)
Armour
 a - a +0 leather armour
 m - a +0 pair of gloves
 p - a +1 ring mail of fire resistance (worn)
Jewellery
 e - a ring of protection from magic (left claw)
 h - a +4 ring of protection (right claw)
Scrolls
 c - a scroll of blinking
 i - 2 scrolls of remove curse {unknown}
 j - a scroll of magic mapping {unknown}
 k - a scroll of recharging {unknown}
 n - 2 scrolls of teleportation
 s - a scroll of random uselessness {unknown}
 t - a scroll of fear
 u - a scroll of fog {unknown}
 w - a scroll of amnesia {unknown}
Potions
 q - a potion of cancellation
Books
 b - a book of Spatial Translocations

   Spells                             Type                      Level
   a - Blink                          Translocation                2
   b - Shroud of Golubria             Charms/Translocation         2
   c - Lesser Beckoning               Translocation                3
   d - Gell's Gravitas                Translocation                3
   e - Teleport Other                 Translocation                3
   f - Passage of Golubria            Translocation                4
Comestibles
 f - 4 meat rations


   Skills:
 - Level 2.2 Fighting
 + Level 3.6 Maces & Flails
 - Level 0.8 Throwing
 - Level 0.8 Armour
 - Level 1.7 Dodging
 - Level 3.6 Stealth
 - Level 5.0 Unarmed Combat
 - Level 1.7 Spellcasting
 - Level 2.6 Translocations


You had one spell level left.
You knew the following spells:

 Your Spells              Type           Power        Failure   Level  Hunger
a - Blink                 Tloc           N/A          1%          2    ###....
b - Shroud of Golubria    Chrm/Tloc      ###.......   3%          2    ###....
c - Lesser Beckoning      Tloc           ###.......   3%          3    ###....


Dungeon Overview and Level Annotations

Branches:
Dungeon (6/15)             Temple (0/1) D:4

Altars:
Ashenzari
Cheibriados
Fedhas
Gozag
Sif Muna
Yredelemnul


Innate Abilities, Weirdness & Mutations

Your body is rotting away.
You thrive on raw meat.
You are immune to poison.
You have sharp fingernails.
You are carnivorous and can eat meat at any time.
Your flesh is cold resistant. (rC+)
You are immune to negative energy. (rN+++)
You do not regenerate when monsters are visible.
You are immune to unholy pain and torment.
You can survive without breathing.


Message History

* * * LOW HITPOINT WARNING * * *
The orc priest hits you from afar with a trident!
* * * LOW HITPOINT WARNING * * *
Okay, then.
You cannot blink because you are wielding the +11 mace "Conservator" {vamp, -Tele rElec Dex+6}.
The wight hits you with an enchanted falchion.
* * * LOW HITPOINT WARNING * * *
Okay, then.
It was a potion of brilliance.
You feel clever all of a sudden.
The orc priest hits you but does no damage.
The wight completely misses you.
Okay, then.
You aren't carrying any items that you can evoke.
Unknown command.
Wield which item (- for none, * to show all)? (? for menu, Esc to quit)
You feel the dreadful sensation subside.
You are now empty-clawed.
The orc priest hits you from afar with a trident.
You die...

#..[........###.....##
#..##[#####......#..##
#..##.# ###.........
#..##.# #.#.....##
#..##.. ..#.....#
###.>####### ####....##
#..o.......# #.....#
#.#..#####.## #..#..#
#.#.ooz@....# ##.#..##
#.#.######.## #.....)
#.#....# #.# #.#..##
#.####.# #.# #.#..# #.#
#.# #.# #.#..# #.# #.#
#.# ###..## #.####.###.#
#_'.... #..........###
####..#
######.......#####.....#


You could see a wight, an orc priest and an orc.

Vanquished Creatures
  A big kobold (D:3)
  3 wights (D:5)
  An orc wizard (D:5)
  Natasha (D:4)
  2 worker ants
  A hound skeleton (D:4)
  3 adders
  2 oozes
  An adder skeleton (D:4)
  3 worms
  A dart slug (D:3)
  3 leopard geckos
  9 orcs
  4 giant cockroaches
  2 goblins
  3 hobgoblins
  4 jackals (D:4)
  3 kobolds
  2 quokkas (D:4)
  2 ball pythons
  3 bats (D:1)
  A frilled lizard (D:1)
  A quokka zombie (D:5)
  4 rats
60 creatures vanquished.

Notes
Turn   | Place    | Note
-------+----------+-------------------------------------------
     0 | D:1      | Lavandula the Ghoul Warper began the quest for the Orb.
     0 | D:1      | Reached XP level 1. HP: 17/17 MP: 2/2
   316 | D:1      | Reached XP level 2. HP: 23/24 MP: 3/3
   354 | D:1      | Learned a level 2 spell: Blink
   357 | D:1      | Learned a level 2 spell: Shroud of Golubria
   364 | D:2      | Reached skill level 3 in Unarmed Combat
   419 | D:3      | Found a deep blue altar of Sif Muna.
   455 | D:3      | Found a snail-covered altar of Cheibriados.
   461 | D:3      | Became a worshipper of Cheibriados the Contemplative
   510 | D:3      | Reached XP level 3. HP: 19/29 MP: 2/4
   607 | D:3      | Reached skill level 4 in Unarmed Combat
   664 | D:3      | Found a glowing drain.
   674 | Sewer    | Entered a sewer
   750 | Sewer    | Reached XP level 4. HP: 27/36 MP: 5/5
   752 | Sewer    | Reached * piety under Cheibriados
   760 | Sewer    | Reached skill level 1 in Stealth
   804 | Sewer    | Noticed a big kobold
   833 | D:3      | Killed a big kobold
   833 | D:3      | Reached XP level 5. HP: 23/41 MP: 2/6
   975 | D:3      | Found a blossoming altar of Fedhas.
  1021 | D:4      | Found a staircase to the Ecumenical Temple.
  1038 | D:4      | Noticed Natasha
  1140 | D:4      | Reached skill level 5 in Unarmed Combat
  1146 | D:4      | Got a polished mace {vamp}
  1159 | D:4      | Identified the +11 mace "Conservator" {vamp, -Tele rElec Dex+6} (You took it off an orc on level 4 of the Dungeon)
  1166 | D:4      | Found a shattered altar of Ashenzari.
  1267 | D:4      | Killed Natasha
  1267 | D:4      | Reached skill level 1 in Maces & Flails
  1297 | D:4      | Reached XP level 6. HP: 48/48 MP: 7/7
  1304 | D:4      | Learned a level 3 spell: Lesser Beckoning
  1366 | D:5      | Entered Level 5 of the Dungeon
  1508 | D:5      | Found an opulent altar of Gozag.
  1571 | D:5      | Reached ** piety under Cheibriados
  1584 | D:5      | Found a basalt altar of Yredelemnul.
  1788 | D:5      | HP: 1/48 [wight/enchanted falchion (6)]
  1790 | D:5      | Slain by an orc priest

Vault maps used:
D:1:      dpeg_cavernosity
D:2:      grunt_ministairs_9, minmay_snake_closets
D:3:      lemuel_blue_sif_altar, overflow_temple_1_default,
          gup_sewer_entry_spiral, tgw_fedhas
D:4:      old_standard_altar, temple_doors_cd, first_bread, serial_shops,
          shop_coins, uniq_natasha
D:5:      nicolae_overflow_crystal_walls, kennysheep_mini, basic_altar,
          minivault_19
D:6:      enter_ossuary_5, grunt_ministairs_4, serial_bayou_pond_c
Sewer:    sewer_co_tree

Skill      XL: |  1  2  3  4  5  6 |
---------------+-------------------+-----
Unarmed Combat | 3 4 5 |  5.0
Stealth        | 3 |  3.6
Maces & Flails | 1 3 |  3.6
Fighting       | |  2.2
Throwing       | |  0.8
Armour         | |  0.8
Dodging        | |  1.7
Spellcasting   | |  1.7
Translocations | |  2.6

Action                   |  1- 3 |  4- 6 || total
-------------------------+-------+-------++-------
Melee: Unarmed           |   106 |    68 ||   174
       Mace              |       |    39 ||    39
       Punch             |       |     1 ||     1
Throw: Tomahawk          |       |     1 ||     1
 Cast: Shroud of Golubri |     2 |     5 ||     7
       Blink             |     1 |     5 ||     6
  Use: Scroll            |       |     4 ||     4
       Potion            |       |     2 ||     2
 Stab: Sleeping          |       |     2 ||     2
  Eat: Chunk             |     9 |    15 ||    24
Armor: Leather armour    |    23 |    17 ||    40
       Ring mail         |       |    23 ||    23
Dodge: Dodged            |    53 |    81 ||   134

Table legend:
 A = Spawn XP
 B = Non-spawn XP
 C = Spawn XP percentage of total XP
 D = Spawn monster count
 E = Non-spawn monster count
 F = Spawn count percentage of total count
 G = Total turns spent on level
                    A         B        C        D         E        F      G
               +---------+---------+-------+---------+---------+-------+---------
         Total |       0 |     581 |   0.0 |       0 |      60 |   0.0 |  1790
               +---------+---------+-------+---------+---------+-------+---------
           D:1 |       0 |      10 |   0.0 |       0 |       7 |   0.0 |   359
           D:2 |       0 |       4 |   0.0 |       0 |       2 |   0.0 |    31
           D:3 |       0 |     160 |   0.0 |       0 |      19 |   0.0 |   465
           D:4 |       0 |     121 |   0.0 |       0 |      15 |   0.0 |   382
           D:5 |       0 |     250 |   0.0 |       0 |       9 |   0.0 |   390
         Sewer |       0 |      36 |   0.0 |       0 |       8 |   0.0 |   157
               +---------+---------+-------+---------+---------+-------+---------
